 Dungeon Crawl Stone Soup version 0.23.2-40-g277498a001 (webtiles) character file.

Game seed: 3244820850332585468

147 Leekoo the Poker (level 5, -7/42 HPs)
             Began as a Merfolk Abyssal Knight on Sept 28, 2019.
             Was a Believer of Lugonu.
             Shot with an arrow by a centaur (14 damage)
             ... on level 2 of the Dungeon.
             The game lasted 00:13:03 (3942 turns).

Leekoo the Poker (Merfolk Abyssal Knight)           Turns: 3942, Time: 00:13:04

Health: -7/42      AC:  5    Str: 13    XL:     5   Next: 29%
Magic:  7/7        EV: 12    Int: 11    God:    Lugonu [**....]
Gold:   148        SH:  0    Dex: 14    Spells: 4/4 levels left

rFire    . . .     SeeInvis .   a - +1 spear
rCold    . . .     Gourm    .   (no shield)
rNeg     . . .     Faith    .   g - +0 ring mail
rPois    +         Spirit   .   (no helmet)
rElec    .         Reflect  .   (no cloak)
rCorr    .         Harm     .   (no gloves)
MR       +....                  (no boots)
Stlth    +.........             (no amulet)
HPRegen  0.14/turn              l - ring of poison resistance
MPRegen  0.10/turn              d - ring of protection from magic

@: no status effects
A: change form in water, swift swim, stealthy swim
a: Depart the Abyss, Bend Space, Renounce Religion


You were on level 2 of the Dungeon.
You worshipped Lugonu.
Lugonu was pleased with you.
You were not hungry.

You visited 1 branch of the dungeon, and saw 3 of its levels.
You visited the Abyss 1 time.

You collected 148 gold pieces.

Inventory:

Hand Weapons
 a - a +1 spear (weapon)
Armour
 b - a +0 leather armour
 g - a +0 ring mail (worn)
Jewellery
 d - a ring of protection from magic (right hand)
 f - an uncursed amulet of faith {unknown}
 k - an uncursed ring of see invisible
 l - a ring of poison resistance (left hand)
Scrolls
 e - 4 scrolls of identify {unknown}
 i - 2 scrolls of amnesia {unknown}
 j - a scroll of enchant weapon {unknown}
Potions
 h - 2 potions of might {unknown}
 n - a potion of curing {unknown}
Comestibles
 c - 5 rations
 m - a chunk of flesh


   Skills:
 + Level 4.0 Fighting
 * Level 5.3 Polearms
 - Level 0.7 Armour
 + Level 3.9 Dodging
 + Level 3.0 Invocations


You had 4 spell levels left.
You didn't know any spells.
Your spell library was empty.

Dungeon Overview and Level Annotations

Branches:
Dungeon (3/15)

Altars:


Message History

The centaur barely misses you.
You hit the centaur but do no damage.
The centaur is heavily wounded.
The centaur hits you.
Your ring mail prevents you from hitting the centaur.
The centaur is heavily wounded.
The centaur hits you. The centaur hits you!
You hit the centaur.
The centaur is heavily wounded.
The centaur hits you.
* * * LOW HITPOINT WARNING * * *
The centaur wields a +0 shortbow.
The centaur shoots an arrow.
The arrow barely misses you.
You see here 2 arrows.
The centaur shoots an arrow.
The arrow hits you.
* * * LOW HITPOINT WARNING * * *
There is a stone staircase leading down here.
You see here an arrow.
The centaur shoots an arrow.
The arrow hits you!
You die...

.....#####.##..#.######.#...#.#..
.##### #.##.##.# #.#...#.### .#
#.......# #.......# .# ####.####
####.#### ## #.#### ###.#####
#############.##.... ###.......#
..............##.#c......#.###.#
################.#.#.###.#..##.##
#@#...............
#(#.#.###..#.##..#
#.#..............#
#.c...####...##..# ##.####
#<.###..# #.# ##..###..# #.#
#....((... #.# #.....#### #.#
#.....# ##


You could see a centaur.

Vanquished Creatures
  A hound (D:2)
  2 gnolls
  4 adders
  2 oozes
  A worm (D:2)
  A dart slug (D:2)
  3 leopard geckos (D:2)
  4 bats
  2 giant cockroaches
  7 goblins
  2 hobgoblins
  4 jackals (D:1)
  5 kobolds
  A quokka (D:3)
  4 frilled lizards
  5 rats
48 creatures vanquished.

Notes
Turn   | Place    | Note
-------+----------+-------------------------------------------
     0 | Abyss:1  | Leekoo the Merfolk Abyssal Knight began the quest for the
                  | Orb.
     0 | Abyss:1  | Reached XP level 1. HP: 18/18 MP: 2/2
    51 | D:1      | Escaped the Abyss
   161 | D:1      | Reached XP level 2. HP: 24/24 MP: 3/3
   626 | D:1      | Reached XP level 3. HP: 29/29 MP: 4/4
   640 | D:1      | Reached skill level 4 in Polearms
  1326 | D:2      | Reached XP level 4. HP: 37/37 MP: 5/5
  1374 | D:2      | Reached ** piety under Lugonu
  3605 | D:2      | Reached skill level 5 in Polearms
  3715 | D:2      | Reached XP level 5. HP: 34/42 MP: 7/7
  3925 | D:2      | Noticed a centaur
  3942 | D:2      | Shot with an arrow by a centaur

Skill      XL: |  1  2  3  4  5 |
---------------+----------------+-----
Dodging        | 3 |  3.9
Polearms       | 4 5 |  5.3
Fighting       | 4 |  4.0
Invocations    | 3 |  3.0
Armour         | |  0.7

Action                   |  1- 3 |  4- 6 || total
-------------------------+-------+-------++-------
Melee: Spear             |   114 |   208 ||   322
Invok: Bend Space        |       |     2 ||     2
 Stab: Sleeping          |     2 |       ||     2
  Eat: Chunk             |     1 |     5 ||     6
       Ration            |       |     1 ||     1
Armor: Ring mail         |    19 |    29 ||    48
       Leather armour    |     3 |       ||     3
Dodge: Dodged            |    54 |   103 ||   157
